 Dungeon Crawl Stone Soup version 0.21.1-1-g345015f (webtiles) character file.

165 Mgcat the Insei (level 5, -3/35 HPs)
             Began as an Octopode Transmuter on Mar 23, 2018.
             Splashed by a jelly's acid (5 damage)
             ... on level 2 of the Dungeon.
             The game lasted 00:06:05 (2382 turns).

Mgcat the Insei (Octopode Transmuter)               Turns: 2382, Time: 00:06:06

Health: -3/35      AC: -3    Str: 10    XL:     5   Next: 46%
Magic:  8/8        EV: 14    Int: 15    God:
Gold:   105        SH:  0    Dex: 13    Spells: 2/8 levels left

rFire    . . .     SeeInvis .     - Unarmed
rCold    . . .     Gourm    .   (no shield)
rNeg     . . .     Faith    .   (helmet restricted)
rPois    .         Spirit   .   (no amulet)
rElec    .         Reflect  .   (no ring)
rCorr    .         Harm     .   (no ring)
MR       .....                  (no ring)
Stlth    +++.......             (no ring)
HPRegen  0.11/turn              (no ring)
MPRegen  0.11/turn              (no ring)
                                (no ring)
                                (no ring)

@: corroded
A: almost no armour, stealthy swim, amphibious, 8 rings, constrict 8, camouflage
1, gelatinous body 1
a: no special abilities


You were on level 2 of the Dungeon.
You were hungry.

You visited 1 branch of the dungeon, and saw 2 of its levels.

You collected 105 gold pieces.

Inventory:

Missiles
 a - 53 arrows
Wands
 r - a wand of iceblast (11)
   (You found it on level 2 of the Dungeon)
Scrolls
 g - a scroll of remove curse {unknown}
 h - a scroll of magic mapping {unknown}
 i - 7 scrolls of identify {unknown}
 l - a scroll of blinking {unknown}
Potions
 d - a potion of degeneration {unknown}
 e - a potion of agility {unknown}
 j - 2 potions of cancellation {unknown}
 k - a potion of curing {unknown}
 m - 2 potions of heal wounds {unknown}
 n - a potion of haste {unknown}
 o - a potion of invisibility {unknown}
 p - a potion of lignification {unknown}
 q - a potion of resistance {unknown}
Books
 b - a book of Changes
Comestibles
 c - 3 rations


   Skills:
 + Level 2.6 Fighting
 + Level 3.1 Dodging
 + Level 3.4 Stealth
 + Level 3.9 Unarmed Combat
 - Level 2.0 Spellcasting
 - Level 2.0 Transmutations


You had 2 spell levels left.
You knew the following spells:

 Your Spells              Type           Power        Failure   Level  Hunger
a - Beastly Appendage     Tmut           #.....       10%         1    #......
b - Sticks to Snakes      Tmut           #.......     14%         2    ###....
c - Spider Form           Tmut/Pois      #.........   41%         3    ###....


Dungeon Overview and Level Annotations

Branches:
Dungeon (2/15)

Altars:
Uskayaw


Innate Abilities, Weirdness & Mutations

You cannot wear most types of armour.
You are very stealthy in the water. (Stealth+)
You are amphibious.
You can wear up to eight rings at the same time.
You can use your tentacles to constrict eight enemies at once.
Your skin changes colour to match your surroundings (Stealth+).
Your rubbery body absorbs attacks. (AC +1, EV +1)


Message History

You see here 20 stones.
HP restored.
The ooze is too close now for your liking.
Casting: Beastly Appendage
Confirm with . or Enter, or press ? or * to list all spells.
One of your tentacles grows a vicious spike.
The ooze quivers.
The ooze barely misses you.
You tentacle-slap the ooze but do no damage.
You pierce the ooze, but do no damage.
You squeeze the ooze!
The ooze is severely wounded.
The ooze closely misses you.
You tentacle-slap the ooze but do no damage.
The ooze is severely wounded.
You bludgeon the ooze!
You kill the ooze!
There is an open gate here.
You see here a stone.
You see here a stone.
Your transformation is almost over.
Magic restored.
There is an open door here.
You are feeling hungry.
You see here a stone.
You see here a stone.
Your tentacle spike disappears.
You see here a kobold skeleton.
Really walk into a travel-excluded area?
There is an open door here.
The jelly quivers.
Casting: Beastly Appendage
Confirm with . or Enter, or press ? or * to list all spells.
One of your tentacles grows a vicious spike.
The jelly hits you but does no damage.
You tentacle-slap the jelly.
Your tentacles burn!
You pierce the jelly.
You squeeze the jelly.
The jelly is moderately wounded.
The jelly closely misses you.
You tentacle-slap the jelly.
Your tentacles burn!
The jelly is heavily wounded.
The jelly hits you.
You are splashed with acid!
The acid burns!
You tentacle-slap the jelly.
Your tentacles burn!
You pierce the jelly, but do no damage.
The jelly is severely wounded.
The jelly hits you but does no damage.
The jelly quivers.
You bludgeon the jelly!
You kill the jelly!
Your transformation is almost over.
You see here a kobold skeleton.
Casting: Beastly Appendage
Confirm with . or Enter, or press ? or * to list all spells.
You miscast Sticks to Snakes.
You are very lightly contaminated with residual magic.
Strange energies run through your body.
Casting: Sticks to Snakes
Confirm with . or Enter, or press ? or * to list all spells.
You create a snake!
You now have 53 arrows.
The jelly hits you. The acid corrodes you!
You are splashed with acid!
The acid burns!
* * * LOW HITPOINT WARNING * * *
You swap places.
Your ball python bites the jelly.
Your ball python is burned by acid!
Your ball python withers and dies!
You tentacle-slap the jelly but do no damage.
Your tentacles burn!
* * * LOW HITPOINT WARNING * * *
The jelly is lightly wounded.
The jelly misses you.
Your tentacle spike disappears.
You see here a stone.
You see here a stone.
There is an open door here.
You see here a stone.
You see here a stone.
There is an open gate here.
You are no longer corroded.
Your magical contamination has completely faded away.
The jelly completely misses you.
Okay, then.
Okay, then.
Unknown command.
Unknown command.
Unknown command.
You tentacle-slap the jelly.
Your tentacles burn!
* * * LOW HITPOINT WARNING * * *
The jelly is moderately wounded.
The jelly barely misses you.
You tentacle-slap the jelly. The acid corrodes you!
Your tentacles burn!
* * * LOW HITPOINT WARNING * * *
The jelly is moderately wounded.
The jelly closely misses you.
You tentacle-slap the jelly.
Your tentacles burn!
* * * LOW HITPOINT WARNING * * *
You tentacle-slap the jelly, but do no damage.
You squeeze the jelly.
The jelly is severely wounded.
The jelly completely misses you.
You tentacle-slap the jelly but do no damage.
Your tentacles burn!
You die...

........#.#####+#######..........
........#.......# #........##
........######### #..........
........############ #........##
...................# #........##
......#.##########.# #........##
......#.# #....#.#######.######
).....#.#####'##.....####..## #
##'####.#.....<.@J..........# #
#.# #.#...................# #
##'####.#..........(........# #
.....##.#............###.#.## #
.....##.#............##..#.######
.....##.#............##.##.#....'
)....##.##############..##.#.####
##.####............###.###.#.# #
#.# ############.......#.#.# #


You could see a jelly.

Vanquished Creatures
  A jelly (D:2)
  4 adders (D:2)
  8 oozes
  A dart slug (D:1)
  4 leopard geckos
  9 bats
  2 giant cockroaches
  3 goblins
  6 hobgoblins
  5 jackals (D:1)
  2 frilled lizards
  9 kobolds
  7 rats
61 creatures vanquished.

Vanquished Creatures (collateral kills)
  An ooze (D:2)
1 creature vanquished.

Vanquished Creatures (others)
  2 fungi (D:2)
  9 toadstools (D:2)
11 creatures vanquished.

Grand Total: 73 creatures vanquished

Notes
Turn   | Place    | Note
-------+----------+-------------------------------------------
     0 | D:1      | Mgcat the Octopode Transmuter began the quest for the Orb.
     0 | D:1      | Reached XP level 1. HP: 13/13 MP: 3/3
    34 | D:1      | HP: 3/13 [jackal (1)]
   152 | D:1      | Reached skill level 1 in Stealth
   152 | D:1      | Reached XP level 2. HP: 5/18 MP: 3/5
   487 | D:1      | Reached XP level 3. HP: 14/23 MP: 4/6
   565 | D:1      | Learned a level 2 spell: Sticks to Snakes
   569 | D:1      | Learned a level 3 spell: Spider Form
   991 | D:1      | Reached skill level 2 in Stealth
  1116 | D:2      | Found a hide-covered altar of Uskayaw.
  1148 | D:2      | Reached skill level 2 in Fighting
  1169 | D:2      | Reached XP level 4. HP: 29/29 MP: 5/7
  1981 | D:2      | Reached skill level 3 in Stealth
  1986 | D:2      | Reached skill level 3 in Dodging
  1986 | D:2      | Reached XP level 5. HP: 25/35 MP: 8/8
  2012 | D:2      | HP: 8/35 [ooze (4)]
  2056 | D:1      | HP: 8/35 [ooze (2)]
  2345 | D:2      | HP: 4/35 [acid (5)]
  2379 | D:2      | HP: 6/35 [acid (2)]
  2381 | D:2      | HP: 2/35 [acid (2)]
  2382 | D:2      | Splashed by a jelly's acid

Skill      XL: |  1  2  3  4 |
---------------+-------------+-----
Stealth        | 1 2 3 |  3.4
Fighting       | 2 |  2.6
Dodging        | 3 |  3.1
Unarmed Combat | |  3.9
Spellcasting   | |  2.0
Transmutations | |  2.0

Action                   |  1- 3 |  4- 6 || total
-------------------------+-------+-------++-------
Melee: Unarmed           |    72 |    74 ||   146
       Kick              |    13 |    15 ||    28
       Constrict         |    21 |     9 ||    30
       Tentacles         |    11 |    12 ||    23
       Punch             |     1 |     2 ||     3
 Cast: Beastly Appendage |    19 |    16 ||    35
       Sticks to Snakes  |     1 |     3 ||     4
 Stab: Sleeping          |     9 |     1 ||    10
  Eat: Chunk             |     1 |     4 ||     5
Armor: Skin              |     8 |     7 ||    15
Dodge: Dodged            |    37 |    52 ||    89

Vault maps used:
D:1:      dpeg_arrival_tiny_a
D:2:      cheibrodos_fertilizer, eat_drink_and_be_merry_uskayaw,
          minmay_heptomino_d4

Table legend:
 A = Turns spent in this place as a percentage of turns spent in the entire game.
 B = Non-inter-level travel turns spent in this place as a percentage of non-inter-level travel turns spent in the entire game.
 C = Inter-level travel turns spent in this place as a percentage of turns spent in this place.
 D = Turns resting spent in this place as a percentage of non-inter-level travel turns spent in this place.
 E = Turns spent auto-exploring this place as a percentage of non-inter-level travel turns spent in this place.
 F = Non-inter-level travel turns spent in this place divided by the number of levels of this place that you've seen.
                   A       B       C       D       E      F
               +-------+-------+-------+-------+-------+----------------------
         Total | 100.0 | 100.0 |   2.8 |   0.0 |  78.2 | 1158.0
       Dungeon | 100.0 | 100.0 |   2.8 |   0.0 |  78.2 | 1158.0
               +-------+-------+-------+-------+-------+----------------------

Table legend:
 A = Kills in this place as a percentage of kills in entire the game.
 B = Kills by you in this place as a percentage of kills by you in the entire game.
 C = Kills by friends in this place as a percentage of kills by friends in the entire game.
 D = Other kills in this place as a percentage of other kills in the entire game.
 E = Experience gained in this place as a percentage of experience gained in the entire game.
 F = Experience gained in this place divided by the number of levels of this place that you have seen.
                   A       B       C       D       E      F
               +-------+-------+-------+-------+-------+----------------------
         Total | 100.0 | 100.0 | 100.0 |   N/A | 100.0 | 118.5
       Dungeon | 100.0 | 100.0 | 100.0 |   N/A | 100.0 | 118.5
               +-------+-------+-------+-------+-------+----------------------
